AoeStats
← Takis_Call

Arabia

510113998Analyzed
1v1 RM · 3d ago on Sep 29, 2026· 48m 55s· 2 players
Game mode
Random Map
Map size
Tiny (2 player)
Population
200
Speed
Normal
Resources
Standard
Victory
Conquest
Starting age
Dark Age
Ending age
Imperial Age
RankedLock teamsTeams togetherTeam positionsShared explorationLock speedFull tech treeHidden civsTurbo modeCheats
Victory
Defeat
🇬🇷 Teutons · Greece
1213
+18
🇹🇼 Varangians · Taiwan
1252
-18
Takis_Call
6:38 Loom
9:07 Feudal Age
10:54 Double-Bit Axe
10:50 Horse Collar
17:32 Forging
21:14 Castle Age
20:29 Wheelbarrow
20:17 Scale Barding Armor
22:07 Bloodlines
22:27 Chain Barding Armor
27:31 Town Watch
28:45 Gold Mining
32:17 Iron Casting
33:44 Hand Cart
33:29 Town Patrol
34:19 Fletching
42:58 Imperial Age
43:23 Cavalier
44:40 Plate Barding Armor
45:14 Blast Furnace
45:37 Paladin
fatelai1017
6:34 Loom
9:03 Feudal Age
9:31 Double-Bit Axe
12:12 Horse Collar
16:05 Gold Mining
21:04 Castle Age
19:51 Forging
21:00 Bloodlines
22:01 Bow Saw
24:01 Stone Mining
26:51 Scale Barding Armor
35:04 Heavy Plow
34:31 Pikeman
35:12 Squires
34:58 Gambesons
36:25 Wheelbarrow
36:17 Husbandry
35:58 Vendel Legacy
38:02 Iron Casting
38:48 Chain Barding Armor
39:03 Herbal Medicine
43:36 Imperial Age
43:33 Cavalier
44:33 Hand Cart
45:21 Plate Barding Armor
45:53 Conscription
46:45 Devotion
46:37 Elite Jarl
Connection lost

Rejoining the realm…

Still unreachable

The connection could not be restored.

Session expired

The server has moved on; the page needs a fresh start.